Map: [ESL] Hardwire

Players

Trap - Winner!

  • Race: Protoss Protoss

HeroMarine

  • Race: Terran Terran

Event: IEM Katowice 2022

VOD

Have the link to the VOD?

Description

Time

  • Played on: Feb. 25, 2022, 8:19 a.m.
  • Length: 20:13

All games in this series

Show
View Real Time Build Order
Export as new Build Order

Trap Protoss - Winner!

Build Orders: 1 Gate Expand, Blink Stalkers, Zealot Archon 

Get SALT Encoding   

  12  0:00  Probe  
  13  0:12  Probe  
  14  0:17  Pylon  
  14  0:24  Probe (Chrono Boost)  
  16  0:36  Gateway, Probe (Chrono Boost)  
  16  0:43  Probe (Chrono Boost)  
  16  0:47  Assimilator  
  17  0:50  Probe  
  18  1:03  Probe  
  19  1:15  Probe  
  20  1:23  Cybernetics Core  
  20  1:33  Nexus  
  20  1:39  Pylon  
  20  1:42  Probe  
  21  1:49  Assimilator  
  22  1:54  Probe  
  22  1:56  Stalker (Chrono Boost)  
  22  2:01  Warp Gate  
  24  2:06  Probe  
  25  2:16  Adept (Chrono Boost)  
  25  2:18  Probe  
  28  2:29  Twilight Council  
  28  2:30  Probe  
  29  2:38  Stalker  
  31  2:44  Probe (Chrono Boost)  
  31  2:50  Probe (Chrono Boost)  
  33  2:54  Probe (Chrono Boost)  
  33  2:58  Probe (Chrono Boost)  
  35  2:59  Blink (Chrono Boost), Probe  
  35  3:07  Shield Battery  
  35  3:08  Probe  
  36  3:13  Probe  
  39  3:23  Probe  
  39  3:25  Probe  
  39  3:28  Gateway  
  39  3:30  Robotics Facility  
  39  3:35  Pylon  
  39  3:36  Probe  
  39  3:40  Probe  
  41  3:48  Stalker  
  43  3:50  Probe  
  43  3:52  Probe  
  45  4:01  Nexus  
  45  4:04  Probe x2  
  47  4:15  Stalker  
  49  4:17  Pylon  
  49  4:18  Observer  
  49  4:19  Probe x2  
  49  4:22  Stalker  
  52  4:33  Probe x2  
  53  4:38  Stalker  
  53  4:41  Observer  
  53  4:45  Stalker  
  58  4:47  Probe x2  
  60  4:54  Assimilator  
  60  4:55  Pylon  
  60  5:01  Stalker  
  60  5:03  Pylon  
  62  5:10  Charge (Chrono Boost)  
  62  5:13  Probe x2 (Chrono Boost)  
  64  5:15  Probe (Chrono Boost)  
  64  5:16  Assimilator  
  65  5:25  Probe (Chrono Boost)  
  65  5:27  Probe (Chrono Boost)  
  68  5:31  Probe (Chrono Boost)  
  68  5:33  Probe (Chrono Boost)  
  68  5:34  Probe (Chrono Boost)  
  70  5:36  Templar Archives  
  70  5:37  Probe (Chrono Boost)  
  70  5:39  Probe  
  70  5:41  Probe  
  73  5:49  Probe  
  70  5:51  Probe  
  70  5:54  Probe  
  70  5:56  Stalker x2  
  76  5:57  Psionic Storm  
  76  6:02  Probe  
  76  6:03  Probe  
  76  6:06  Probe  
  76  6:08  Gateway  
  76  6:09  Gateway  
  76  6:10  Gateway  
  77  6:12  Gateway  
  77  6:13  Gateway, Shield Battery  
  77  6:20  Pylon  
  77  6:22  High Templar  
  77  6:23  Probe  
  77  6:25  Probe x2  
  82  6:32  High Templar  
  84  6:38  Shield Battery  
  84  6:43  Probe x2  
  84  6:44  Probe  
  87  6:49  Shield Battery  
  87  6:51  Shield Battery  
  85  6:55  Zealot  
  85  6:59  Forge  
  84  7:01  Pylon  
  84  7:06  Zealot x4  
  84  7:07  Zealot  
  91  7:12  Probe x3  
  93  7:17  Zealot x2  
  89  7:33  High Templar x2, Zealot  
  89  7:34  Zealot x2  
  89  7:35  Probe x3, Assimilator  
  100  7:37  Assimilator  
  100  7:38  Archon  
  100  7:42  Zealot x2  
  92  7:55  Shield Battery, Protoss Ground Weapons Level 1 (Chrono Boost)  
  88  7:58  Stalker x3  
  88  8:02  Probe x3  
  97  8:06  Zealot x3  
  97  8:09  Zealot  
  97  8:10  Pylon  
  97  8:11  Pylon  
  102  8:14  Shield Battery  
  102  8:15  Probe x2  
  102  8:16  Observer (Chrono Boost)  
  105  8:22  High Templar x2  
  105  8:26  Robotics Facility  
  109  8:29  Robotics Bay  
  109  8:34  Warp Prism (Chrono Boost)  
  109  8:39  Probe x3  
  114  8:46  Zealot x4  
  121  8:51  Sentry  
  121  8:55  Pylon x2  
  123  9:09  Pylon  
  123  9:10  Immortal (Chrono Boost)  
  123  9:11  Stalker  
  123  9:13  Zealot x2  
  123  9:15  Colossus (Chrono Boost)  
  133  9:24  Extended Thermal Lance  
  136  9:27  Zealot x4  
  136  9:31  Pylon  
  142  9:41  Zealot  
  142  9:42  Zealot  
  120  9:53  Colossus (Chrono Boost)  
  124  10:00  Protoss Ground Weapons Level 2 (Chrono Boost)  
  124  10:02  Zealot x5  
  124  10:05  Colossus (Chrono Boost)  
  132  10:08  Pylon  
  121  10:25  Zealot x4  
  129  10:29  High Templar  
  129  10:33  Photon Cannon, Observer (Chrono Boost)  
  132  10:42  Photon Cannon  
  132  10:44  Nexus  
  132  10:45  Colossus  
  132  10:48  High Templar  
  140  10:51  Sentry, Zealot x2  
  140  10:56  Pylon  
  146  11:01  Zealot x2  
  148  11:08  Observer  
  149  11:21  Zealot  
  149  11:22  Zealot  
  143  11:26  Stalker  
  143  11:27  Stalker x3  
  143  11:29  Pylon x2, Observer (Chrono Boost)  
  143  11:30  Pylon  
  146  11:40  Gravitic Drive  
  146  11:42  Immortal (Chrono Boost)  
  146  11:43  Shield Battery  
  148  11:47  Immortal (Chrono Boost), Probe x2  
  148  11:48  Probe  
  148  11:51  Photon Cannon  
  155  11:58  Probe  
  155  11:59  Probe  
  155  12:00  Probe x2  
  159  12:01  Observer  
  159  12:09  Disruptor (Chrono Boost)  
  159  12:12  Disruptor (Chrono Boost)  
  159  12:14  Stalker  
  159  12:15  Stalker x2  
  169  12:20  Zealot x2  
  169  12:21  Zealot  
  175  12:27  Protoss Ground Weapons Level 3 (Chrono Boost)  
  175  12:29  Dark Shrine  
  175  12:31  Observer  
  175  12:35  Forge  
  175  12:37  Assimilator  
  175  12:41  Assimilator  
  175  12:43  Disruptor (Chrono Boost)  
  175  12:44  Photon Cannon  
  175  12:46  Pylon, Disruptor (Chrono Boost)  
  180  13:04  Pylon  
  180  13:09  Protoss Ground Armor Level 1, Disruptor (Chrono Boost)  
  180  13:12  Nexus, Disruptor (Chrono Boost)  
  186  13:20  Zealot x4  
  181  13:40  Archon  
  169  13:41  Zealot  
  169  13:42  Zealot x2  
  169  13:43  Zealot x4  
  169  13:46  Shadow Stride  
  181  13:52  Warp Prism (Chrono Boost), Colossus (Chrono Boost)  
  178  14:08  Dark Templar x2  
  178  14:09  Dark Templar x3  
  177  14:26  Archon  
  177  14:31  Disruptor (Chrono Boost)  
  134  14:37  Disruptor (Chrono Boost)  
  122  14:38  Zealot  
  122  14:39  Zealot  
  122  14:41  High Templar x4  
  122  14:42  Zealot  
  122  14:45  Archon x2  
  139  14:50  Gateway  
  135  14:56  Gateway  
  135  14:58  Gateway  
  130  15:04  Disruptor (Chrono Boost)  
  136  15:10  Photon Cannon  
  136  15:11  Shield Battery  
  136  15:12  Disruptor (Chrono Boost)  
  136  15:17  High Templar  
  136  15:18  High Templar  
  130  15:31  Protoss Ground Armor Level 2 (Chrono Boost)  
  130  15:32  Dark Templar  
  130  15:33  Protoss Shields Level 1 (Chrono Boost), Dark Templar x4  
  140  15:46  Disruptor (Chrono Boost)  
  136  15:51  Stalker x4  
  136  15:55  Disruptor (Chrono Boost)  
  144  15:57  Dark Templar  
  144  15:58  Assimilator  
  144  15:59  Probe x3  
  144  16:00  Probe  
  144  16:01  Probe  
  151  16:10  Stalker x3  
  133  16:34  Disruptor x2  
  133  16:37  Zealot x3  
  133  16:38  Zealot x3  
  133  16:39  High Templar  
  134  16:57  Stalker, Zealot x3  
  134  16:58  Stalker x4  
  128  17:20  Dark Templar x2  
  128  17:22  Nexus  
  130  17:24  Observer (Chrono Boost)  
  130  17:26  Zealot x3  
  133  17:39  Disruptor (Chrono Boost)  
  134  17:49  Stalker x3, Zealot x2  
  144  17:57  Dark Templar  
  146  18:00  Probe x3  
  146  18:01  Assimilator, Probe  
  150  18:11  Dark Templar  
  150  18:12  Probe  
  148  18:20  Dark Templar  
  148  18:23  Photon Cannon  
  148  18:26  Dark Templar  
  152  18:33  Stalker x2  
  156  19:02  Disruptor x2  
  110  19:20  Dark Templar x3  
  110  19:21  Zealot x6, Dark Templar  
  121  19:32  Pylon  
  119  19:40  Zealot x2  
  119  19:41  Zealot x2  
  119  19:44  Zealot x4  
  126  20:07  Dark Templar x3  
Show
View Real Time Build Order
Export as new Build Order

HeroMarine Terran 

Build Orders:  

Get SALT Encoding   

  12  0:00  SCV  
  13  0:12  SCV  
  14  0:17  Supply Depot  
  14  0:24  SCV  
  15  0:38  SCV  
  15  0:40  Barracks  
  16  0:43  Refinery  
  16  0:50  SCV  
  17  1:02  SCV  
  18  1:15  SCV  
  19  1:27  Marine, Orbital Command  
  20  1:39  Command Center  
  20  1:50  Factory  
  20  1:54  SCV  
  21  2:00  Refinery  
  21  2:02  Barracks Reactor  
  21  2:06  SCV  
  22  2:11  Supply Depot  
  22  2:18  SCV  
  23  2:33  SCV  
  23  2:36  Starport  
  24  2:42  Hellion x2  
  28  2:45  SCV, Marine  
  30  2:53  Orbital Command  
  30  2:57  SCV  
  31  3:04  Widow Mine  
  35  3:06  Widow Mine  
  35  3:09  SCV  
  35  3:11  Barracks Tech Lab  
  36  3:13  Orbital Command  
  36  3:15  Medivac  
  38  3:21  SCV  
  39  3:31  Supply Depot  
  39  3:33  SCV  
  40  3:35  Marine x2, Siege Tank  
  40  3:41  SCV  
  46  3:48  Starport Tech Lab  
  46  3:52  SCV, Marine  
  46  3:53  Marine  
  46  3:55  SCV  
  50  3:56  Barracks  
  50  4:00  Refinery  
  50  4:04  SCV  
  50  4:06  Supply Depot  
  50  4:07  SCV  
  50  4:08  Raven  
  54  4:23  Barracks  
  54  4:27  SCV x2, Marine x2  
  58  4:32  Siege Tank  
  58  4:38  Supply Depot  
  59  4:39  SCV x2  
  59  4:40  Engineering Bay  
  59  4:45  Marine  
  62  4:55  Stimpack  
  62  4:58  Supply Depot  
  62  4:59  SCV x2, Marine  
  66  5:03  Marine, Marauder  
  67  5:08  Terran Infantry Weapons Level 1  
  67  5:11  SCV x2  
  67  5:12  Refinery  
  69  5:17  Supply Depot, Marine  
  69  5:20  Marine  
  71  5:21  Combat Shield  
  71  5:23  SCV x2  
  71  5:24  Marauder  
  71  5:26  Marauder  
  77  5:30  Starport Reactor  
  77  5:31  Factory Reactor  
  77  5:35  Marine  
  78  5:38  SCV  
  78  5:39  SCV, Marine  
  79  5:48  Marauder x2  
  78  5:50  SCV  
  78  5:52  SCV, Marine  
  78  5:56  Marine  
  82  6:01  Supply Depot  
  82  6:02  Supply Depot, SCV  
  82  6:03  Supply Depot  
  83  6:08  Medivac  
  83  6:09  Widow Mine  
  83  6:10  Marauder, Marine  
  86  6:14  Marine, Medivac  
  86  6:15  Widow Mine, Marauder  
  86  6:17  Supply Depot  
  93  6:31  Marine, Marauder  
  93  6:32  Marine  
  95  6:36  Marauder  
  95  6:38  Widow Mine x2  
  99  6:40  Medivac  
  99  6:42  SCV x2  
  101  6:52  Marauder  
  101  6:53  Medivac  
  104  6:55  Marine x2, Command Center  
  105  7:03  Marauder  
  105  7:05  Widow Mine  
  105  7:07  Widow Mine  
  111  7:13  Marine x2, Medivac  
  111  7:14  Marauder  
  117  7:16  SCV x2  
  119  7:25  Marauder  
  119  7:28  SCV x2  
  120  7:31  Widow Mine x2, Marine x2  
  124  7:39  Barracks  
  124  7:42  Barracks  
  122  7:44  Marauder  
  122  7:49  SCV x2  
  122  7:51  Marine x2  
  122  7:52  Widow Mine  
  122  7:53  Widow Mine  
  125  7:59  Medivac  
  125  8:01  Marauder, Medivac  
  125  8:03  SCV  
  125  8:04  SCV  
  129  8:06  Marauder  
  129  8:09  Marine x2  
  133  8:15  SCV  
  133  8:16  SCV  
  133  8:17  Widow Mine x2  
  139  8:22  Supply Depot  
  139  8:23  Marauder  
  139  8:27  Ghost Academy  
  139  8:28  SCV  
  139  8:29  Terran Infantry Armor Level 1  
  139  8:31  Barracks Reactor, Barracks Tech Lab  
  141  8:35  Orbital Command  
  141  8:37  SCV, Bunker  
  141  8:40  SCV  
  142  8:49  SCV  
  142  8:51  Marauder x2  
  142  8:52  SCV, Refinery x2, Marauder, Marine  
  142  8:54  Marine  
  152  9:01  SCV  
  152  9:02  Supply Depot  
  154  9:03  Medivac  
  154  9:04  Supply Depot  
  154  9:05  Medivac  
  157  9:22  Supply Depot x2  
  157  9:23  Marine x2  
  157  9:24  Widow Mine x2, Marauder  
  165  9:26  Marauder x2  
  150  9:38  Marine x2  
  150  9:45  Widow Mine x2  
  148  9:49  Medivac x2  
  148  9:50  Ghost x2  
  148  9:51  Marauder  
  150  9:54  SCV x3  
  150  9:55  Marine x2  
  150  9:57  Marine x2  
  146  10:06  SCV x2  
  146  10:07  Widow Mine x2  
  148  10:12  Marine  
  145  10:17  Marine x3  
  145  10:19  SCV x3, Marauder x2  
  151  10:26  Viking  
  153  10:29  Viking  
  153  10:31  SCV x2  
  153  10:32  Widow Mine  
  158  10:45  Marine  
  158  10:49  Command Center  
  159  10:52  Marine  
  159  10:55  Enhanced Shockwaves  
  158  10:58  Concussive Shells  
  164  11:05  Marine  
  168  11:15  Viking x2  
  168  11:17  Starport  
  164  11:18  SCV x3  
  164  11:22  Marauder x2  
  164  11:25  Marauder  
  164  11:26  Marine x2  
  164  11:43  Ghost x2  
  164  11:44  Viking  
  164  11:45  Ghost, Viking  
  174  11:56  Viking x2  
  174  11:58  Missile Turret  
  174  12:01  Armory  
  178  12:02  Engineering Bay  
  178  12:06  Marine  
  178  12:07  Marine x3  
  182  12:12  Marauder  
  182  12:13  Barracks  
  182  12:14  Viking  
  182  12:15  Barracks, Viking  
  186  12:16  Barracks  
  186  12:23  Ghost  
  186  12:25  Missile Turret  
  186  12:26  Viking x2  
  186  12:28  Marine x4  
  186  12:29  Planetary Fortress  
  194  12:35  Marauder x2  
  197  12:46  Refinery x2, Marine  
  200  12:53  Terran Infantry Weapons Level 2  
  200  12:54  Marine, Command Center  
  200  12:55  Marine  
  200  13:03  Barracks Reactor  
  200  13:04  Barracks Tech Lab  
  198  13:05  Barracks Tech Lab  
  198  13:07  Marine x2  
  198  13:11  Missile Turret, Medivac x2  
  200  13:16  Sensor Tower  
  200  13:21  Command Center  
  199  13:27  Terran Infantry Armor Level 2, Command Center  
  199  13:30  Marauder  
  196  13:38  Marauder x2  
  178  13:41  Viking x2  
  178  13:42  Viking  
  178  13:46  Marauder  
  178  13:47  Marine x2, Marauder  
  182  13:58  Viking  
  183  14:11  Ghost, Viking x2  
  183  14:12  Viking  
  183  14:15  Marauder  
  178  14:24  Marauder  
  178  14:27  Marauder  
  178  14:31  Marauder  
  144  14:34  Marine x2  
  144  14:37  Marine x2  
  144  14:38  Marine  
  149  14:41  Marine x2  
  149  14:44  Marine  
  152  14:47  Marine  
  152  14:54  Marine  
  152  14:55  Marine x3  
  152  14:57  Ghost  
  156  15:02  Ghost  
  158  15:08  Orbital Command  
  158  15:09  Ghost  
  158  15:10  Orbital Command  
  158  15:11  Ghost  
  162  15:15  Ghost  
  162  15:25  Orbital Command  
  162  15:26  Marauder  
  161  15:37  Missile Turret  
  161  15:40  Orbital Command  
  161  15:48  Ghost x2  
  165  15:54  Missile Turret  
  165  15:55  Ghost  
  167  16:00  Marauder  
  167  16:01  Marauder  
  169  16:08  Viking  
  169  16:09  Sensor Tower  
  170  16:16  Ghost  
  167  16:27  Ghost  
  167  16:29  Marauder  
  167  16:31  Marauder  
  167  16:32  Marauder  
  157  16:36  Marine x2  
  157  16:38  Marine x4, Medivac  
  165  16:42  Medivac  
  165  16:45  Ghost  
  169  16:50  Marine  
  169  16:52  Marauder  
  169  16:54  Marauder  
  172  16:58  Marauder  
  149  17:06  Marine  
  136  17:08  Marine x2  
  136  17:09  Marauder, Marine x2  
  136  17:13  Ghost  
  136  17:14  Ghost, Marine  
  141  17:19  Marauder  
  141  17:20  Medivac  
  145  17:24  Marine  
  145  17:26  Marine x2  
  145  17:27  Marine x2  
  150  17:30  Marauder  
  151  17:41  Marauder  
  151  17:42  Marauder  
  151  17:44  Marauder  
  148  17:46  Marine x2  
  149  17:51  Barracks Tech Lab, Marauder  
  149  17:55  Marine x2  
  151  18:00  Orbital Command  
  151  18:01  Barracks Tech Lab  
  151  18:02  Marauder  
  151  18:04  Ghost, Marauder, Marine  
  158  18:10  Marauder  
  158  18:12  Ghost  
  160  18:20  Ghost  
  160  18:23  Marine  
  160  18:24  Marauder  
  160  18:25  Marauder  
  167  18:32  Ghost  
  167  18:34  Marauder  
  171  18:43  Marauder  
  171  18:45  Marauder  
  171  18:47  Marauder  
  177  18:49  Orbital Command  
  168  18:56  Marauder  
  168  18:59  Orbital Command  
  123  19:03  Marauder  
  123  19:06  Marine x2, Marauder  
  102  19:10  Marine x2  
  102  19:13  Marauder  
  102  19:14  Marine  
  106  19:17  Marine  
  106  19:18  Marine  
  106  19:24  Marine x2  
  106  19:28  Marine  
  106  19:30  Marine  
  94  19:40  Marine x2  
  94  19:42  Marine  
  93  19:50  Marine x3  

Tags
 
Add a new tag
Caveats
  • Supply blocks, unpowered buildings, or Contaminate may cause inaccurate times.
  • Supply counts are checked every 10 seconds.